 Dungeon Crawl Stone Soup version 0.29-a0-845-g6161e89988 (webtiles) character file.

Game seed: 14152789658765635292

2 zeratav the Stinger (level 1, 0/11 HPs)
             Began as an Octopode Venom Mage on July 16, 2022.
             Slain by a goblin
             ... wielding a +0 club
              (3 damage)
             ... on level 1 of the Dungeon.
             The game lasted 00:00:10 (37 turns).

zeratav the Stinger (Octopode Venom Mage)             Turns: 37, Time: 00:00:12

Health: 0/11       AC:  1    Str:  7    XL:     1   Next: 40%
Magic:  0/3        EV: 13    Int: 17    God:
Gold:   21         SH:  0    Dex: 12    Spells: 3/4 levels left

rFire   . . .      SeeInvis .   (no weapon)
rCold   . . .      Faith    .   (no shield)
rNeg    . . .      Spirit   .   (helmet restricted)
rPois   .          Reflect  .   (no amulet)
rElec   .          Harm     .   (no ring)
rCorr   .          Rampage  .   (no ring)
Will    .....                   (no ring)
Stlth   +++.......              (no ring)
HPRegen 0.03/turn               (no ring)
MPRegen 0.08/turn               (no ring)
                                (no ring)
                                (no ring)

@: no status effects
A: almost no armour, amphibious, 8 rings, camouflage 1, gelatinous body 1,
(nimble swimmer 1), tentacles
a: no special abilities


You were on level 1 of the Dungeon.
You visited 1 branch of the dungeon, and saw 1 of its levels.

You collected 21 gold pieces.


Innate Abilities, Weirdness & Mutations

You cannot wear most types of armour.
You are amphibious.
You can wear up to eight rings at the same time.
Your skin changes colour to match your surroundings (Stealth+).
Your rubbery body absorbs attacks. (AC +1, EV +1)
((You are camouflaged when in or above water. (Stealth+)))
You have tentacles for arms and can constrict up to eight enemies at once.


   Skills:
 - Level 2.0 Dodging
 + Level 2.9 Stealth
 - Level 2.0 Spellcasting
 - Level 1.0 Transmutations
 + Level 3.7 Poison Magic


You had 3 spell levels left.
You knew the following spells:

 Your Spells              Type           Power      Damage    Failure   Level
a - Sting                 Tmut/Pois      36%        1d4       8%          1

Your spell library contained the following spells:

 Spells                   Type           Power      Damage    Failure   Level
 Poisonous Vapours        Pois/Air       16%        N/A       14%         2
 Mephitic Cloud           Conj/Pois/Air  5%         N/A       34%         3
 Olgreb's Toxic Radiance  Pois           14%        N/A       38%         4

Inventory:

Potions
 a - a potion of magic

Dungeon Overview and Level Annotations

Branches:
Dungeon (1/15) Zot: 5962

Altars:

##..#.#..##
#.#.#.#.#.#
#..#...#..#
####.....####
+.....<.....+
####.....####
#..#...#..#
#.#.#.#.#.# #
##..#@#..##.###
..#####g####.... .
......#K####..###.#
##............[...
.................
..........####.##..
....##.###?......?.
.............).....
......$###.........


You could see a goblin (poisoned) and a kobold.


Message History

🤖 Initializing magus.rc ...
Bad channel name for runrest: 'pray:' ✅ Successfully initialized magus.rc [v1.9.6] Welcome, zeratav the Octopode Venom Mage.
Everyone else who sought the Orb of Zot has failed.
Will you be different?
Press ? for a list of commands and other information.
Found 21 gold pieces.
Found a staircase leading out of the dungeon.
You now have 9 gold pieces.
You now have 21 gold pieces (gained 12).
You open the door.
There is an open door here.
A goblin comes into view. It is wielding a +0 dagger.
You see here a scroll labelled QET POTOGIQI.
The sting hits the goblin.
The goblin is poisoned.
The goblin shouts!
You hear a shout!
You kill the goblin!
A quokka comes into view.
A goblin comes into view. It is wielding a +0 club.
A frilled lizard comes into view.
MP[-1]
You lost 1 mp, and now have 2/3 mp.
The sting misses the frilled lizard.
The frilled lizard hisses angrily.
A kobold comes into view. It is wielding a +0 short sword.
MP[-1]
You lost 1 mp, and now have 1/3 mp.
The sting hits the frilled lizard.
The frilled lizard is poisoned.
You kill the frilled lizard!
MP[-1]
You lost 1 mp, and now have 0/3 mp.
You see here a scroll labelled QET POTOGIQI.
There is an open door here.
The quokka bites you.
HP[-5]
You take 5 damage, and now have 6/11 hp.
MASSIVE DAMAGE!! (PAUSE)
You closely miss the quokka. You grab the quokka.
You constrict the quokka, but do no damage.
The quokka closely misses you.
MP[+1]
You tentacle-slap the quokka but do no damage.
You constrict the quokka, but do no damage.
The quokka bites you.
* * * LOW HITPOINT WARNING * * *
HP[-3]
You take 3 damage, and now have 3/11 hp.
MASSIVE DAMAGE!! (PAUSE)
You barely miss the quokka.
You squeeze the quokka, but do no damage.
You constrict the quokka. The quokka barely misses you.
You tentacle-slap the quokka but do no damage.
You constrict the quokka. The quokka barely misses you.
The quokka closely misses you.
You barely miss the quokka. You squeeze the quokka. You constrict the quokka.
You kill the quokka!
Casting: Sting (safe; 8% risk of failure)
Confirm with . or Enter, or press ? or * to list all spells.
Aiming: Sting (safe; 8% risk of failure)
Press: ? - help, Shift-Dir - straight line, f - goblin
Aim: a goblin, wielding a +0 club (60% to hit)
The sting hits the goblin.
The goblin is poisoned.
The goblin hits you with a +0 club.
You die...

Action                   || total
-------------------------++-------
Melee: Unarmed           ||     5
       Tentacles         ||     2
       Constrict         ||     1
 Cast: Sting             ||     4
Dodge: Dodged            ||     4

Levels and vault maps discovered:
D:1:      nzn_arrival_crosshair, layout_rooms,
          hellmonk_ecumenical_altar_run_dry, hangedman_decor_push

Notes
Turn   | Place    | Note
-------+----------+-------------------------------------------
     0 | D:1      | zeratav the Octopode Venom Mage began the quest for the
                  | Orb.
     0 | D:1      | Reached XP level 1. HP: 11/11 MP: 3/3
     0 | D:1      | magus.rc [v1.9.6]
    37 | D:1      | Slain by a goblin

Vanquished Creatures
  A quokka (D:1)
  A frilled lizard (D:1)
  A goblin (D:1)
3 creatures vanquished.

Table legend:
 A = Non-vault XP
 B = Vault XP
 C = Vault XP percentage of total XP
 D = Non-vault monster count
 E = Vault monster count
 F = Vault count percentage of total count
                 A         B        C        D         E       F
            +---------+---------+-------+---------+---------+-------
      Total |       4 |       0 |   0.0 |       3 |       0 |   0.0
            +---------+---------+-------+---------+---------+-------
        D:1 |       4 |       0 |   0.0 |       3 |       0 |   0.0
            +---------+---------+-------+---------+---------+-------

Illustrated notes

Table legend:
 A = Kills in this place as a percentage of kills in entire the game.
 B = Kills by you in this place as a percentage of kills by you in the entire game.
 C = Kills by friends in this place as a percentage of kills by friends in the entire game.
 D = Other kills in this place as a percentage of other kills in the entire game.
 E = Experience gained in this place as a percentage of experience gained in the entire game.
 F = Experience gained in this place divided by the number of levels of this place that you have seen.
                   A       B       C       D       E      F
               +-------+-------+-------+-------+-------+----------------------
         Total | 100.0 | 100.0 |   N/A |   N/A | 100.0 |   4.0
       Dungeon | 100.0 | 100.0 |   N/A |   N/A | 100.0 |   4.0
               +-------+-------+-------+-------+-------+----------------------

Table legend: (Time is in decaauts)
 A = Elapsed time spent in this place.
 B = Non-inter-level travel time spent in this place.
 C = Inter-level travel time spent in this place.
 D = Time resting spent in this place.
 E = Time spent auto-exploring this place.
 F = Levels seen in this place.
 G = Mean time per level.
                   A        B        C        D        E       F      G
               +--------+--------+--------+--------+--------+-----+--------+
         Total |     37 |     37 |      0 |      0 |     17 |   1 |   37.0 |
       Dungeon |     37 |     37 |      0 |      0 |     17 |   1 |   37.0 |
               +--------+--------+--------+--------+--------+-----+--------+

Top non-repeatable levels by time:
     D:1: 37 daAuts
